 Dungeon Crawl Stone Soup version 0.26-a0-597-gb535b0901c (webtiles) character file.

Game seed: 14129262703020197116

(classic levelgen) 385 EnegeticOcto the Chopper (level 6, 0/57 HPs)
             Began as a Deep Dwarf Fighter on Aug 26, 2020.
             Was an Initiate of Makhleb.
             Slain by an ogre
             ... wielding a +0 giant spiked club
              (26 damage)
             ... on level 5 of the Dungeon.
             The game lasted 00:01:20 (922 turns).

EnegeticOcto the Chopper (Deep Dwarf Fighter)        Turns: 922, Time: 00:01:21

Health: 0/57       AC:  7    Str: 21    XL:     6   Next: 48%
Magic:  6/6        EV:  7    Int:  9    God:    Makhleb [......]
Gold:   117        SH: 10    Dex: 12    Spells: 5/5 levels left

rFire    . . .     SeeInvis .   a - +0 war axe
rCold    . . .     Faith    .   c - +0 kite shield
rNeg     . . .     Spirit   .   b - +0 scale mail
rPois    .         Reflect  .   (no helmet)
rElec    .         Harm     .   (no cloak)
rCorr    .                      (no gloves)
MR       .....                  (no boots)
Stlth    ..........             (no amulet)
HPRegen  0.00/turn              (no ring)
MPRegen  0.10/turn              (no ring)

@: non-regenerating
A: damage resistance, heal wounds, sense surroundings 1, no regeneration
a: Heal Wounds, Renounce Religion


You were on level 5 of the Dungeon.
You worshipped Makhleb.
Makhleb was noncommittal.
You visited 2 branches of the dungeon, and saw 6 of its levels.

You collected 117 gold pieces.

Inventory:

Hand Weapons
 a - a +0 war axe (weapon)
Armour
 b - a +0 scale mail (worn)
 c - a +0 kite shield (worn)
Scrolls
 f - a scroll of identify {unknown}
 g - 2 scrolls of fog {unknown}
 h - 2 scrolls of amnesia {unknown}
 j - a scroll of teleportation {unknown}
 n - a scroll of vulnerability {unknown}
Potions
 d - a potion of might {@q3}
 e - a potion of invisibility {unknown}
 i - a potion of brilliance {unknown}
 k - a potion of magic {unknown}
 l - a potion of heal wounds {unknown}
 m - 2 potions of curing {unknown}


   Skills:
 + Level 3.7 Fighting
 * Level 4.9 Axes
 + Level 4.5 Armour
 + Level 4.5 Shields
 * Level 2.2 Invocations


You had 5 spell levels left.
You didn't know any spells.
Your spell library was empty.

Dungeon Overview and Level Annotations

Branches:
Dungeon (5/15)             Temple (1/1) D:4

Altars:
Cheibriados
Dithmenos
Elyvilon
Fedhas
Gozag
Hepliaklqana
Kikubaaqudgha
Makhleb
Qazlal
Trog
Uskayaw
Vehumet
Xom
Yredelemnul
Zin
The Shining One


Innate Abilities, Weirdness & Mutations

You are resistant to damage.
You can heal yourself by infusing magical energy.
You passively map a small area around you.
You do not regenerate.


Message History

Your scale mail prevents you from hitting the iron imp.
The iron imp closely misses you. You block the iron imp's attack. x2
You closely miss the iron imp.
The iron imp is almost dead.
You slash the iron imp!
You kill the iron imp!
The iron imp barely misses you.
Uskayaw will force your foes to share their pain.
You slice the iron imp!!
You kill the iron imp!
Your Invocations skill increases to level 2!
No target in view!
No target in view!
No target in view!
No target in view!
No target in view!
No target in view!
No target in view!
No target in view!
No target in view!
No target in view!
No target in view!
No target in view!
There is a burning altar of Makhleb here.
You kneel at the altar of Makhleb.
You kneel at the altar of Makhleb.
You have lost your religion!
Uskayaw does not appreciate desertion!
Makhleb welcomes you!
You resume training Invocations.
Unknown command.
Press < or > to pray at altars.
(D) Dungeon (T) Temple
Where to? (Enter - Temple @ (x,y), ? - help)
Found a helmet.
You see here a worker ant corpse.
There is a stone staircase leading down here.
You climb downwards.
A shadow imp comes into view.
The shadow imp shouts!
Found a scroll labeled XOPHED IFOI.
Found an escape hatch in the floor.
Found a stone staircase leading down.
There is a stone staircase leading up here.
A shadow imp is nearby!
A shadow imp is nearby!
A shadow imp is nearby!
A shadow imp is nearby!
You hit the shadow imp but do no damage.
The shadow imp hits you but does no damage.
You hit the shadow imp.
The shadow imp is moderately wounded.
The shadow imp gestures at you. Pain shoots through your body!
Your shield and scale mail prevent you from hitting the shadow imp.
The shadow imp is moderately wounded.
The shadow imp gestures at you. Pain shoots through your body!
The shadow imp hits you.
You completely miss the shadow imp.
The shadow imp is moderately wounded.
You block the shadow imp's attack.
You barely miss the shadow imp.
The shadow imp is moderately wounded.
You block the shadow imp's attack.
You hit the shadow imp but do no damage.
The shadow imp is moderately wounded.
The shadow imp shouts, "Away with thee, thou foppish flat-headed gudgeon!"
The shadow imp gestures at you. Pain shoots through your body!
You block the shadow imp's attack.
You completely miss the shadow imp.
The shadow imp is moderately wounded.
You block the shadow imp's attack.
You closely miss the shadow imp.
The shadow imp is moderately wounded.
The shadow imp barely misses you.
You closely miss the shadow imp.
The shadow imp is moderately wounded.
The shadow imp hits you. The shadow imp barely misses you.
You slash the shadow imp!
You kill the shadow imp!
Makhleb accepts your kill.
n - a scroll labeled XOPHED IFOI
Found a shimmering altar of Xom.
Found a stone staircase leading up.
An ogre comes into view. It is wielding a +0 giant spiked club.
The ogre shouts!
Found a dagger.
You see here a scroll labeled LUOKHL JUPYXE.
An ogre is nearby!
An ogre is nearby!
An ogre is nearby!
The ogre barely misses you.
An ogre is nearby!
You hit the ogre but do no damage. You block the ogre's attack.
You hit the ogre.
The ogre is lightly wounded.
The ogre barely misses you.
You slash the ogre!
The ogre is heavily wounded.
The ogre hits you with a +0 giant spiked club!!
You die...

*###***#.....## #.#
... ##.###..### #.##
*#.##...###...# #... ,
#..#.#.#####.######.#
*#.._..#............#
* *
#...#.#...###.########
....###..#.## #.#
########?#.## #.# ,
#.).O@....# #.# * *
#....:..#.# #.# ,
#.........#*#.#
#.......#...#.# *
#..<....#.#...# **
#...#####,. . * #..#
*.., , , ,... , * , ,


You could see an ogre.

Vanquished Creatures
  An ogre (D:4)
  A hound (D:4)
  3 iron imps (D:4)
  A worker ant (D:4)
  3 worker ant zombies (D:3)
  4 gnolls (D:3)
  4 adders
  A shadow imp (D:5)
  2 adder skeletons (D:3)
  A worm (D:3)
  2 leopard geckos
  3 orcs
  A ball python (D:1)
  2 bats
  3 giant cockroaches
  4 goblins
  2 hobgoblins
  7 kobolds
  A ball python zombie (D:3)
  A frilled lizard (D:3)
  A quokka zombie (D:3)
48 creatures vanquished.

Vanquished Creatures (others)
  6 withered plants (D:3)
6 creatures vanquished.

Grand Total: 54 creatures vanquished

Notes
Turn   | Place    | Note
-------+----------+-------------------------------------------
     0 | D:1      | EnegeticOcto the Deep Dwarf Fighter began the quest for the
                  | Orb.
     0 | D:1      | Reached XP level 1. HP: 20/20 MP: 1/1
    53 | D:1      | Reached XP level 2. HP: 25/27 MP: 2/2
   164 | D:3      | Reached XP level 3. HP: 15/34 MP: 3/3
   212 | D:3      | Reached XP level 4. HP: 25/42 MP: 4/4
   420 | D:4      | Noticed an ogre
   431 | D:4      | Killed an ogre
   431 | D:4      | Reached XP level 5. HP: 26/49 MP: 5/5
   443 | D:4      | Found a staircase to the Ecumenical Temple.
   457 | Temple   | Entered the Ecumenical Temple
   546 | Temple   | Became a worshipper of Uskayaw the Reveler
   616 | D:4      | Reached * piety under Uskayaw
   618 | D:4      | Reached ** piety under Uskayaw
   632 | D:4      | Found a basalt altar of Yredelemnul.
   633 | D:4      | Found an opulent altar of Gozag.
   734 | D:4      | Reached skill level 1 in Invocations
   758 | D:4      | Reached XP level 6. HP: 39/56 MP: 6/6
   821 | D:4      | Found a burning altar of Makhleb.
   839 | D:4      | Reached *** piety under Uskayaw
   842 | D:4      | Reached **** piety under Uskayaw
   850 | D:4      | Fell from the grace of Uskayaw
   850 | D:4      | Became a worshipper of Makhleb the Destroyer
   871 | D:5      | Entered Level 5 of the Dungeon
   911 | D:5      | Found a shimmering altar of Xom.
   922 | D:5      | Slain by an ogre

Illustrated notes

Levels and vault maps discovered:
D:1:      dpeg_arrival_rooms_a, layout_rooms, minmay_fountain_box
D:2:      layout_loops_ring, uniq_jessica
D:3:      layout_loops_ring, serial_undead, serial_undead_b, serial_undead_e,
          serial_undead_b, serial_undead_b, serial_undead_d, serial_undead_c,
          serial_undead_a, serial_undead_e
D:4:      corexii_shack_village, layout_basic, demons_altar,
          gammafunk_temple_overflow_pools, minmay_temple_entry_ruins
D:5:      layout_rooms, lemuel_crystal_altar, uniq_menkaure
Temple:   nicolae_temple_x_marks_the_god

Skill      XL: |  1  2  3  4  5  6 |
---------------+-------------------+-----
Fighting       | 3 |  3.7
Axes           | 3 4 |  4.9
Armour         | 4 |  4.5
Shields        | 4 |  4.5
Invocations    | 1 2 |  2.2

Action                   |  1- 3 |  4- 6 || total
-------------------------+-------+-------++-------
Melee: War axe           |    68 |   117 ||   185
 Abil: Heal Wounds       |     3 |     4 ||     7
 Stab: Paralysed         |       |     2 ||     2
Armor: Scale mail        |    24 |    32 ||    56
Dodge: Dodged            |    30 |    38 ||    68
Block: Kite shield       |    57 |    56 ||   113

Table legend: (Time is in decaauts)
 A = Elapsed time spent in this place.
 B = Non-inter-level travel time spent in this place.
 C = Inter-level travel time spent in this place.
 D = Time resting spent in this place.
 E = Time spent auto-exploring this place.
 F = Levels seen in this place.
 G = Mean time per level.
                   A        B        C        D        E       F      G
               +--------+--------+--------+--------+--------+-----+--------+
         Total |    991 |    942 |     49 |      0 |    487 |   6 |  165.2 |
       Dungeon |    892 |    852 |     40 |      0 |    437 |   5 |  178.4 |
        Temple |     99 |     90 |      9 |      0 |     50 |   1 |   99.0 |
               +--------+--------+--------+--------+--------+-----+--------+

Top non-repeatable levels by time:
     D:4: 375 daAuts
     D:3: 299 daAuts
     D:1: 122 daAuts
  Temple: 99 daAuts
     D:5: 54 daAuts
     D:2: 39 daAuts
